 Dungeon Crawl Stone Soup version 0.27.1-4-g1640c2035a (webtiles) character file.

Game seed: 13821524875328495

102 jjjjhere the Charlatan (level 4, 0/34 HPs)
             Began as a Gnoll Artificer on Nov 7, 2021.
             Was a Follower of Fedhas.
             Killed from afar by Ijyb (5 damage)
             ... with a puff of flame
             ... on level 3 of the Dungeon.
             The game lasted 00:04:25 (2776 turns).

jjjjhere the Charlatan (Gnoll Artificer)            Turns: 2776, Time: 00:04:26

Health: 0/34       AC:  7    Str: 11    XL:     4   Next: 77%
Magic:  5/5        EV: 13    Int: 12    God:    Fedhas [*.....]
Gold:   87         SH:  0    Dex: 12    Spells: 5/5 levels left

rFire    . . .     SeeInvis .   f - +2 dagger (venom)
rCold    . . .     Faith    .   (no shield)
rNeg     . . .     Spirit   .   h - +0 scale mail
rPois    .         Reflect  .   (no helmet)
rElec    .         Harm     .   (no cloak)
rCorr    .         Rampage  .   (no gloves)
Will     .....                  (no boots)
Stlth    +.........             (no amulet)
HPRegen  0.11/turn              g - +4 ring of evasion
MPRegen  0.09/turn              (no ring)

@: no status effects
A: fangs 1, strong nose, distributed training
a: Renounce Religion


You were on level 3 of the Dungeon.
You worshipped Fedhas.
Fedhas was aware of your devotion.
You visited 1 branch of the dungeon, and saw 3 of its levels.

You collected 87 gold pieces.

Inventory:

Hand Weapons
 a - a +0 club
 f - a +2 dagger of venom (weapon)
 r - a +2 scimitar of electrocution
Missiles
 k - 8 boomerangs
 q - 3 curare-tipped darts
Armour
 b - a +0 leather armour
 h - a +0 scale mail (worn)
Jewellery
 g - a +4 ring of evasion (left hand)
Wands
 c - a wand of flame (15) (quivered)
 d - a wand of charming (13)
Scrolls
 i - a scroll of teleportation {unknown}
 j - 4 scrolls of identify {unknown}
 p - a scroll of amnesia {unknown}
Potions
 l - a potion of flight {unknown}
 m - a potion of degeneration {unknown}
 n - a potion of curing {unknown}
 o - 2 potions of might
Miscellaneous
 e - a piece from Xom's chessboard (11/15)


   Skills:
 + Level 2.8 Fighting
 + Level 1.2 Short Blades
 + Level 1.2 Long Blades
 + Level 1.2 Axes
 + Level 1.2 Maces & Flails
 + Level 1.2 Polearms
 + Level 1.2 Staves
 + Level 1.2 Slings
 + Level 1.2 Bows
 + Level 1.2 Crossbows
 + Level 1.2 Throwing
 + Level 4.7 Armour
 + Level 2.8 Dodging
 + Level 2.6 Stealth
 + Level 1.2 Shields
 + Level 1.2 Unarmed Combat
 + Level 1.2 Spellcasting
 + Level 1.0 Conjurations
 + Level 1.0 Hexes
 + Level 1.0 Summonings
 + Level 1.0 Necromancy
 + Level 1.0 Translocations
 + Level 1.0 Transmutations
 + Level 1.0 Fire Magic
 + Level 1.0 Ice Magic
 + Level 1.0 Air Magic
 + Level 1.0 Earth Magic
 + Level 1.0 Poison Magic
 + Level 1.3 Invocations
 + Level 6.6 Evocations


You had 5 spell levels left.
You didn't know any spells.
Your spell library contained the following spells:

 Spells                   Type           Power      Damage    Failure   Level
 Apportation              Tloc           6%         N/A       69%         1
 Alistair's Intoxication  Tmut/Pois      2%         N/A       100%        5
 Invisibility             Hex            1%         N/A       100%        6


Dungeon Overview and Level Annotations

Branches:
Dungeon (3/15)

Altars:
Elyvilon
Fedhas

Annotations:
D:2 Robin
D:3 Ijyb


Innate Abilities, Weirdness & Mutations

You have very sharp teeth.
Your uncanny sense of smell can sniff out nearby items.
Your experience applies equally to all skills.


Message History

The ball python is severely wounded.
You kill the ball python!
Fedhas appreciates your contribution to the ecosystem.
HP restored.
Found a runed scimitar.
Found a stone staircase leading up.
You see here a +2 scimitar of electrocution.
r - a +2 scimitar of electrocution Ijyb the Twisted Goblin comes into view.
She is wielding a +6 club, wearing a +0 leather armour of willpower and carrying a wand of flame (8).
Ijyb shouts!
Ijyb is nearby!
Ijyb zaps a wand.
The puff of flame misses you.
You hit Ijyb.
Ijyb is poisoned.
Ijyb is lightly wounded.
Ijyb hits you with a +6 club.
You completely miss Ijyb.
Ijyb is lightly wounded.
You barely miss Ijyb.
Ijyb is lightly wounded.
Ijyb hits you with a +6 club.
You hit Ijyb but do no damage.
Ijyb looks as sick as possible!
Ijyb is lightly wounded.
Ijyb zaps a wand.
The puff of flame hits you!
You barely miss Ijyb.
Ijyb is moderately wounded.
Ijyb hits you with a +6 club.
Press: ? - help, v - describe, . - travel The floor.
You make a move on Xom's chessboard...
Ijyb seems to grow stronger.
Ijyb barely misses you.
You make a move on Xom's chessboard...
Ijyb is outlined in light.
Ijyb barely misses you.
You make a move on Xom's chessboard...
Ijyb resists with some effort.
Ijyb barely misses you.
You make a move on Xom's chessboard...
Nothing appears to happen.
Ijyb hits you with a +6 club!
* * * LOW HITPOINT WARNING * * *
Ijyb zaps a wand.
The puff of flame hits you.
You die...
Fedhas appreciates your contribution to the ecosystem.

##### ##...#
.#.########
#######.....
..........##
#...........
#.....g...#
#.#####.....
########@.####.# ##...#
#..##.#†#######.##
#####..#...)##........
.............##.###..##
.....#..#...###.# #..#
.....#..##†## #.###..#
.... #..##.####.##...#
... #..........##..##
..< ...............#


You could see Ijyb (strong, very poisoned, corona).

Vanquished Creatures
  2 gnolls
  An adder (D:2)
  A dart slug (D:2)
  4 bats
  9 endoplasms
  3 giant cockroaches
  7 goblins
  4 hobgoblins
  3 jackals (D:2)
  3 quokkas
  8 ball pythons
  4 frilled lizards
  6 kobolds
  2 rats (D:1)
57 creatures vanquished.

Vanquished Creatures (collateral kills)
  A gnoll (D:2)
  A worm (D:2)
  2 hobgoblins (D:2)
4 creatures vanquished.

Vanquished Creatures (others)
  A gnoll (D:2)
1 creature vanquished.

Grand Total: 62 creatures vanquished

Notes
Turn   | Place    | Note
-------+----------+-------------------------------------------
     0 | D:1      | jjjjhere the Gnoll Artificer began the quest for the Orb.
     0 | D:1      | Reached XP level 1. HP: 17/17 MP: 1/1
   192 | D:1      | Reached XP level 2. HP: 18/23 MP: 2/2
   404 | D:1      | Reached XP level 3. HP: 20/28 MP: 3/3
  1367 | D:2      | Found a white marble altar of Elyvilon.
  1391 | D:2      | Reached skill level 1 in Invocations
  1774 | D:2      | Reached skill level 1 in Short Blades
  1774 | D:2      | Reached skill level 1 in Long Blades
  1774 | D:2      | Reached skill level 1 in Axes
  1774 | D:2      | Reached skill level 1 in Maces & Flails
  1774 | D:2      | Reached skill level 1 in Polearms
  1774 | D:2      | Reached skill level 1 in Staves
  1774 | D:2      | Reached skill level 1 in Slings
  1774 | D:2      | Reached skill level 1 in Bows
  1774 | D:2      | Reached skill level 1 in Crossbows
  1774 | D:2      | Reached skill level 1 in Throwing
  1774 | D:2      | Reached skill level 1 in Shields
  1774 | D:2      | Reached skill level 1 in Unarmed Combat
  1774 | D:2      | Reached skill level 1 in Spellcasting
  1843 | D:2      | Reached XP level 4. HP: 20/34 MP: 5/5
  2176 | D:2      | Noticed Robin
  2538 | D:2      | Reached skill level 1 in Conjurations
  2538 | D:2      | Reached skill level 1 in Hexes
  2538 | D:2      | Reached skill level 1 in Summonings
  2538 | D:2      | Reached skill level 1 in Necromancy
  2538 | D:2      | Reached skill level 1 in Translocations
  2538 | D:2      | Reached skill level 1 in Transmutations
  2538 | D:2      | Reached skill level 1 in Fire Magic
  2538 | D:2      | Reached skill level 1 in Ice Magic
  2538 | D:2      | Reached skill level 1 in Air Magic
  2538 | D:2      | Reached skill level 1 in Earth Magic
  2538 | D:2      | Reached skill level 1 in Poison Magic
  2585 | D:2      | Found a faded altar of an unknown god.
  2603 | D:2      | Became a worshipper of Fedhas Madash
  2603 | D:2      | Reached * piety under Fedhas
  2763 | D:3      | Noticed Ijyb
  2775 | D:3      | HP: 5/34 [Ijyb (10)]
  2776 | D:3      | Killed from afar by Ijyb

Illustrated notes

Levels and vault maps discovered:
D:1:      psy_arrival_radial01, layout_basic, minmay_tiny_reverse_x
D:2:      layout_basic, chequers_ecumenical_altar_simple_redux, basic_altar,
          st_stairs_1, minmay_tromino_i4, uniq_robin
D:3:      layout_loops_ring, nicolae_dithmenos_the_darkroom, uniq_ijyb

Skill      XL: |  1  2  3  4 |
---------------+-------------+-----
Invocations    | 1 |  1.3
Short Blades   | 1 |  1.2
Long Blades    | 1 |  1.2
Axes           | 1 |  1.2
Maces & Flails | 1 |  1.2
Polearms       | 1 |  1.2
Staves         | 1 |  1.2
Slings         | 1 |  1.2
Bows           | 1 |  1.2
Crossbows      | 1 |  1.2
Throwing       | 1 |  1.2
Shields        | 1 |  1.2
Unarmed Combat | 1 |  1.2
Spellcasting   | 1 |  1.2
Conjurations   | 1 |  1.0
Hexes          | 1 |  1.0
Summonings     | 1 |  1.0
Necromancy     | 1 |  1.0
Translocations | 1 |  1.0
Transmutations | 1 |  1.0
Fire Magic     | 1 |  1.0
Ice Magic      | 1 |  1.0
Air Magic      | 1 |  1.0
Earth Magic    | 1 |  1.0
Poison Magic   | 1 |  1.0
Fighting       | |  2.8
Armour         | |  4.7
Dodging        | |  2.8
Stealth        | |  2.6
Evocations     | |  6.6

Action                   |  1- 3 |  4- 6 || total
-------------------------+-------+-------++-------
Melee: Dagger            |   119 |    49 ||   168
       Bite              |     8 |     4 ||    12
Evoke: Piece from Xom's  |     1 |     4 ||     5
       Wand              |       |     2 ||     2
 Stab: Petrified         |     2 |       ||     2
Armor: Leather armour    |     6 |       ||     6
       Scale mail        |    29 |    17 ||    46
Dodge: Dodged            |    62 |    33 ||    95
